Map: [ESL] Alcyone

Players

Bunny - Winner!

  • Race: Terran Terran
  • Spawn Location: 7:00

Vindicta

  • Race: Terran Terran
  • Spawn Location: 1:00

Event: ESL SC2 Masters 2023 Winter (Finals)

VOD

Have the link to the VOD?

Description

Time

  • Played on: Dec. 15, 2023, 6:19 p.m.
  • Length: 11:09

All games in this series

Show
View Real Time Build Order
Export as new Build Order

Bunny Terran - Winner!

Build Orders: Cyclone Opening, Reaper Expand 

Get SALT Encoding   

  12  0:00  SCV  
  13  0:12  SCV  
  14  0:17  Supply Depot  
  14  0:24  SCV  
  15  0:38  SCV  
  15  0:40  Barracks  
  15  0:42  Refinery  
  16  0:50  SCV  
  17  1:02  SCV  
  18  1:15  SCV  
  19  1:26  Reaper  
  19  1:27  Orbital Command  
  20  1:39  Command Center  
  20  1:49  Supply Depot  
  20  1:52  SCV  
  21  1:58  Marine  
  22  2:04  SCV  
  22  2:08  Factory  
  23  2:12  Refinery  
  23  2:16  SCV  
  23  2:18  Barracks Reactor  
  24  2:23  Bunker  
  24  2:30  SCV  
  25  2:42  SCV  
  26  2:52  Orbital Command, Cyclone  
  26  2:54  SCV  
  26  2:57  Starport  
  29  3:00  Marine  
  29  3:02  Marine  
  31  3:06  SCV  
  31  3:12  Refinery  
  32  3:18  Marine, SCV x2  
  35  3:20  Marine  
  35  3:24  Factory Tech Lab  
  36  3:30  SCV x2  
  36  3:34  Starport Tech Lab  
  38  3:35  Supply Depot  
  38  3:36  Marine  
  38  3:38  Marine  
  40  3:42  SCV x2  
  40  3:46  Siege Tank  
  44  3:53  Raven  
  46  3:56  Interference Matrix, SCV x2  
  46  3:58  Marine x2  
  46  4:02  Supply Depot  
  50  4:08  SCV x2  
  52  4:16  Marine x2  
  59  4:24  Siege Tank, SCV x2  
  59  4:25  Supply Depot  
  61  4:31  Raven  
  61  4:41  Command Center  
  61  4:42  SCV  
  62  4:46  SCV, Marine x2  
  62  4:47  Supply Depot  
  65  4:55  Supply Depot  
  65  4:56  Siege Tank  
  68  5:01  SCV x2  
  68  5:05  Supply Depot  
  70  5:09  Raven, Marine x2  
  70  5:12  Supply Depot  
  74  5:14  SCV  
  74  5:15  SCV, Refinery  
  76  5:24  Supply Depot  
  76  5:26  Marine  
  76  5:27  Marine  
  76  5:28  Siege Tank  
  81  5:32  SCV x2  
  83  5:47  Barracks  
  83  5:48  Barracks  
  83  5:50  SCV x2  
  83  5:54  Starport Reactor  
  83  5:56  Orbital Command  
  85  6:00  Siege Tank  
  88  6:09  SCV x2  
  88  6:10  Marine  
  91  6:11  Stimpack  
  91  6:15  Engineering Bay  
  91  6:18  Engineering Bay  
  91  6:21  SCV x2  
  92  6:29  Marine  
  92  6:34  Orbital Command  
  92  6:36  Viking x2  
  92  6:37  Barracks Reactor, Marine x2  
  92  6:39  SCV x2  
  103  6:40  Siege Tank  
  103  6:43  Terran Infantry Weapons Level 1  
  103  6:44  Terran Infantry Armor Level 1  
  103  6:47  Marine  
  103  6:48  Supply Depot  
  103  6:53  Barracks  
  104  6:57  Barracks  
  103  7:05  Viking  
  103  7:06  Viking  
  105  7:08  SCV x2  
  105  7:09  SCV  
  105  7:10  Marine x3  
  110  7:16  Siege Tank  
  110  7:18  Marine x2  
  110  7:21  SCV x2  
  117  7:24  SCV  
  117  7:27  Marine  
  119  7:32  Supply Depot x2  
  119  7:34  SCV x2  
  119  7:36  SCV  
  122  7:38  Medivac  
  122  7:39  Medivac  
  122  7:43  Barracks Reactor  
  126  7:45  Barracks Reactor  
  126  7:50  Combat Shield, Marine x4, Refinery  
  126  7:51  Refinery  
  130  7:54  SCV x3  
  130  7:55  Siege Tank  
  130  7:56  Supply Depot  
  130  7:57  Marine  
  137  8:09  Supply Depot  
  137  8:10  Sensor Tower, Marine  
  137  8:11  Marine x3  
  137  8:12  Supply Depot x2  
  141  8:14  Medivac  
  141  8:15  Marine  
  144  8:20  Marine x2  
  144  8:21  SCV x3  
  144  8:23  Medivac  
  151  8:28  Siege Tank, Marine  
  155  8:34  Armory  
  155  8:36  Supply Depot  
  155  8:37  Marine  
  155  8:38  Marine x6  
  162  8:42  Marine  
  163  8:51  Command Center, Medivac  
  163  8:55  Medivac  
  167  9:00  Marine x4  
  167  9:01  Marine x4  
  167  9:02  Marine  
  175  9:05  Siege Tank  
  178  9:18  Marine x6  
  178  9:22  Supply Depot  
  184  9:35  Marine x3  
  184  9:36  Marine x2  
  189  9:41  Supply Depot x2  
  189  9:42  Factory, Marine  
  189  9:43  Marine  
  189  9:44  Siege Tank  
  186  9:51  Marine x2  
  188  9:53  Marine x3  
  188  9:54  Marine x2  
  193  10:00  Marine  
  193  10:01  Marine  
  193  10:03  Barracks  
  193  10:04  Barracks x2  
  195  10:09  Marine  
  195  10:13  Marine x6  
  166  10:16  Siege Tank  
  166  10:18  Viking, Marine  
  166  10:19  Marine  
  162  10:22  SCV x3  
  162  10:28  Marine  
  163  10:31  Marine x3  
  158  10:42  SCV  
  158  10:43  SCV x2  
  158  10:47  Marine  
  158  10:48  Marine x5  
  158  10:49  Marine x2  
Show
View Real Time Build Order
Export as new Build Order

Vindicta Terran 

Build Orders:  

Get SALT Encoding   

  12  0:00  SCV  
  13  0:12  SCV  
  14  0:17  Supply Depot  
  14  0:24  SCV  
  15  0:38  SCV  
  15  0:40  Barracks  
  15  0:42  Refinery  
  16  0:51  SCV  
  16  0:52  Refinery  
  17  1:03  SCV  
  18  1:15  SCV  
  19  1:26  Reaper  
  19  1:27  Orbital Command  
  20  1:33  Supply Depot  
  20  1:40  Factory  
  20  1:53  SCV  
  21  1:58  Reaper  
  22  2:05  SCV  
  23  2:17  SCV  
  23  2:21  Command Center  
  24  2:26  Hellion  
  26  2:31  Barracks Reactor, SCV  
  27  2:43  SCV, Supply Depot  
  28  2:47  Widow Mine  
  30  2:51  Starport  
  30  2:55  SCV  
  31  3:07  SCV  
  31  3:08  Marine x2  
  31  3:09  Factory Tech Lab  
  34  3:12  Refinery  
  34  3:22  SCV  
  34  3:26  Marine x2  
  37  3:29  Starport Tech Lab  
  37  3:30  Cyclone  
  39  3:35  Orbital Command  
  39  3:37  SCV  
  40  3:43  Marine  
  40  3:44  Marine  
  42  3:50  Raven  
  44  3:56  Interference Matrix  
  44  3:58  SCV  
  44  4:01  SCV  
  46  4:04  Supply Depot  
  46  4:09  Siege Tank, Marine  
  50  4:10  Marine  
  50  4:12  SCV  
  50  4:15  SCV  
  53  4:24  SCV  
  53  4:25  Raven  
  53  4:26  Supply Depot  
  53  4:29  Supply Depot  
  53  4:30  Marine  
  57  4:32  SCV  
  57  4:34  Marine  
  57  4:36  SCV  
  60  4:47  Siege Tank  
  60  4:48  SCV  
  60  4:49  Supply Depot  
  60  4:50  Marine  
  60  4:51  Marine  
  66  4:53  SCV  
  69  5:00  Raven, SCV  
  69  5:06  SCV  
  71  5:08  Marine  
  72  5:14  SCV  
  72  5:18  Command Center, SCV  
  74  5:23  Siege Tank  
  74  5:26  SCV  
  80  5:30  SCV  
  80  5:35  Refinery  
  79  5:39  SCV  
  79  5:41  Supply Depot  
  79  5:42  SCV  
  81  5:43  Viking  
  81  5:44  Viking  
  81  5:47  Stimpack  
  85  5:51  SCV  
  86  6:02  SCV  
  86  6:03  Supply Depot, SCV  
  88  6:08  Barracks  
  88  6:09  Barracks  
  88  6:10  Siege Tank  
  91  6:14  SCV  
  91  6:15  SCV  
  93  6:22  Viking  
  94  6:27  SCV, Engineering Bay  
  94  6:29  Engineering Bay  
  94  6:31  Viking  
  95  6:33  SCV  
  96  6:41  Orbital Command  
  96  6:42  SCV  
  96  6:43  Siege Tank  
  96  6:45  SCV  
  101  6:54  SCV  
  102  7:02  Viking  
  102  7:03  SCV  
  102  7:06  SCV  
  106  7:09  Barracks Reactor x2, Terran Infantry Weapons Level 1, Terran Infantry Armor Level 1  
  106  7:10  SCV  
  106  7:15  SCV  
  108  7:16  Barracks  
  108  7:17  Barracks  
  108  7:18  Siege Tank, SCV  
  108  7:22  SCV  
  113  7:27  Supply Depot, SCV  
  114  7:30  Sensor Tower, SCV  
  114  7:31  Marine  
  114  7:32  Combat Shield, Refinery  
  114  7:33  Refinery  
  114  7:35  SCV  
  117  7:38  Supply Depot  
  117  7:49  Marine x2, SCV x3, Medivac  
  124  7:54  Armory, Marine  
  125  7:59  Medivac, Marine x2  
  125  8:00  Supply Depot  
  125  8:01  SCV x2  
  125  8:02  Missile Turret  
  132  8:05  Barracks Reactor  
  132  8:06  Barracks Reactor  
  132  8:10  Missile Turret, Marine  
  132  8:13  Marine  
  132  8:15  Marine  
  132  8:16  Supply Depot  
  132  8:17  Marine x2  
  135  8:20  SCV  
  135  8:21  SCV x2  
  135  8:23  Supply Depot  
  135  8:24  Command Center, Medivac  
  140  8:28  Marine  
  140  8:30  Siege Tank  
  140  8:31  Marine  
  146  8:34  Marine  
  146  8:37  Marine  
  146  8:39  SCV x2  
  148  8:42  Factory  
  148  8:44  Marine  
  148  8:45  Marine x2  
  148  8:47  Sensor Tower  
  150  8:51  Marine x2  
  150  8:55  Marine x2  
  153  8:57  Supply Depot  
  153  9:00  Terran Vehicle Weapons Level 1  
  154  9:08  Marine x3  
  157  9:13  Marine  
  157  9:14  Barracks  
  157  9:16  Barracks  
  158  9:20  Siege Tank  
  158  9:21  Marine  
  162  9:24  Missile Turret  
  162  9:25  Marine  
  162  9:34  Factory Tech Lab, Marine x3  
  162  9:36  Missile Turret  
  162  9:37  Planetary Fortress, Sensor Tower  
  165  9:39  SCV x3  
  165  9:43  Marine x2  
  165  9:44  Barracks Reactor  
  165  9:45  Marine  
  165  9:50  Marine  
  165  9:51  SCV  
  168  9:55  Marine x2  
  168  9:56  Marine  
  168  9:58  SCV  
  172  10:02  Siege Tank, Missile Turret  
  172  10:05  Marine  
  176  10:09  Marine  
  176  10:10  Marine x3  
  176  10:11  Marine  
  176  10:13  Marine x2  
  160  10:15  Marine  
  160  10:16  Siege Tank  
  160  10:21  Marine x2  
  155  10:23  Marine  
  155  10:26  Barracks Reactor  
  155  10:27  Marine  
  155  10:28  Marine x3  
  156  10:30  Marine  
  156  10:31  Marine  
  156  10:33  Marine x2  
  159  10:39  SCV, Marine x2  
  159  10:41  Marine  
  140  10:43  SCV  
  140  10:44  SCV  
  140  10:45  Marine  
  140  10:46  Marine x2  
  147  10:55  SCV x2  
Tags
 
Add a new tag
Caveats
  • Supply blocks, unpowered buildings, or Contaminate may cause inaccurate times.
  • Supply counts are checked every 10 seconds.